 Dungeon Crawl Stone Soup version 0.21-a0-518-g43a1781 (webtiles) character file.

12473 KristoblXynda the Covert (level 11, -17/52 HPs)
             Began as a Spriggan Enchanter on Dec 4, 2017.
             Was a Priest of Ashenzari.
             Hit by a large rock thrown by a cyclops (34 damage)
             ... on level 12 of the Dungeon.
             The game lasted 01:02:13 (15348 turns).

KristoblXynda the Covert (Spriggan Enchanter)      Turns: 15348, Time: 01:02:14

Health: -17/52     AC:  4    Str:  6    XL:     11   Next: 62%
Magic:  23/26      EV: 20    Int: 18    God:    Ashenzari [***...]
Gold:   567        SH:  5    Dex: 17    Spells: 23/31 levels left

rFire    . . .     SeeInvis +   y - +3 short sword (curse)
rCold    . . .     Gourm    .   (shield restricted)
rNeg     + . .     Faith    .   b - +1 robe
rPois    +         Spirit   .   (helmet restricted)
rElec    .         Reflect  +   e - +0 cloak
rCorr    .         Harm     .   (gloves unavailable)
MR       ++...                  (boots unavailable)
Stlth    +++++++...             w - +5 amulet of reflection (curse)
HPRegen  0.17/turn              l - ring of poison resistance (curse)
MPRegen  0.20/turn              H - ring "Taucaogo" {rN+ MR+ Slay+3 Stlth+} (curse)

@: very quick
A: very small, unfitting armour, see invisible, herbivore 3, speed 3, slow
metabolism 2
a: Curse Item, Scrying, Renounce Religion


You were on level 12 of the Dungeon.
You worshipped Ashenzari.
Ashenzari was most pleased with you.
You were hungry.

You visited 3 branches of the dungeon, and saw 14 of its levels.
You also visited: Ossuary.

You collected 777 gold pieces.
You spent 210 gold pieces at shops.

Inventory:

Hand Weapons
 y - a cursed +3 short sword (weapon)
 K - the +6 rapier "Ininath" {chaos, rC++ rN+ Str+4 Stlth+}
   (You found it on level 11 of the Dungeon)

   Each time it hits an enemy it has a different, random effect.
   It affects your strength (+4).
   It greatly protects you from cold.
   It protects you from negative energy.
   It makes you more stealthy.
Missiles
 k - a throwing net (quivered)
Armour
 b - a +1 robe (worn)
 e - a +0 cloak (worn)
 M - a +0 troll leather armour
 N - a +0 buckler
Jewellery
 l - a cursed ring of poison resistance (left hand)
 n - an uncursed ring of flight
 w - a cursed +5 amulet of reflection (around neck)
 H - the cursed ring "Taucaogo" (right hand) {rN+ MR+ Slay+3 Stlth+}
   (You found it on level 9 of the Dungeon)

   [ring of stealth]

   It affects your accuracy and damage with ranged weapons and melee attacks
   (+3).
   It protects you from negative energy.
   It affects your resistance to hostile enchantments.
   It makes you more stealthy.
   It has a curse placed upon it.
 P - an uncursed ring of positive energy
Wands
 f - a wand of digging (11)
 j - a wand of scattershot (3)
 m - a wand of paralysis (9)
 r - a wand of acid (13)
 L - a wand of iceblast (6)
Scrolls
 g - 6 scrolls of teleportation
 i - 2 scrolls of enchant armour
 p - a scroll of remove curse
 q - 3 scrolls of magic mapping
 s - 2 scrolls of immolation
 t - 2 scrolls of fear
 F - a scroll of blinking
 G - a scroll of fog
 J - a scroll of amnesia
 Q - a scroll of identify
Potions
 a - a potion of lignification {unknown}
 h - 4 potions of agility
 o - 5 potions of mutation
 v - a potion of resistance
 x - 7 potions of curing
 z - 2 potions of brilliance
 A - a potion of cancellation {unknown}
 B - a potion of ambrosia
 C - 4 potions of flight
 D - 2 potions of invisibility
 E - 2 potions of berserk rage
 O - a potion of haste {unknown}
Books
 c - a book of Maledictions

   Spells                             Type                      Level
   a - Corona                         Hexes                        1
   b - Ensorcelled Hibernation        Hexes/Ice                    2
   c - Confuse                        Hexes                        3
   d - Tukima's Dance                 Hexes                        3
   e - Dazzling Spray                 Conjuration/Hexes            3
Comestibles
 d - 4 bread rations
 u - 9 fruits
 I - 9 royal jellies


   Skills:
 - Level 3.1 Fighting
 + Level 5.9(8.8) Short Blades
 + Level 2.3 Armour
 - Level 5.1 Dodging
 - Level 14.0 Stealth
 - Level 10.7 Spellcasting
 + Level 2.5(4.9) Conjurations
 - Level 11.9(14.4) Hexes
 - Level 6.0(9.0) Evocations


You had 23 spell levels left.
You knew the following spells:

 Your Spells              Type           Power        Failure   Level  Hunger
a - Dazzling Spray        Conj/Hex       #####.       1%          3    None
b - Ensorcelled Hibernat  Hex/Ice        #####.       1%          2    None
c - Confuse               Hex            ######..     1%          3    None


Dungeon Overview and Level Annotations

Branches:
Dungeon (12/15)            Temple (1/1) D:6            Lair (1/6) D:11
    Orc (0/2) D:9

Altars:
Ashenzari
Cheibriados
Dithmenos
Elyvilon
Fedhas
Gozag
Hepliaklqana
Kikubaaqudgha
Makhleb
Nemelex Xobeh
Okawaru
Qazlal
Ru
Sif Muna
Trog
Uskayaw
Vehumet
Wu Jian
Xom
Yredelemnul
Zin
The Shining One

Shops:
D:4 (   D:8 =

Annotations:
D:3 kiturien's ghost, amateur MiFi
D:5 kiturien's ghost, novice MiFi
D:12 Thaneod's ghost, journeyman DEAE


Innate Abilities, Weirdness & Mutations

You are very small and have problems with some larger weapons.
You are too small for most types of armour.
You have supernaturally acute eyesight. (SInv)
You are a herbivore.
You cover ground extremely quickly.
You need consume almost no food.


Message History

A worker ant is nearby!
A worker ant is nearby!
A cyclops comes into view.
The worker ant misses you.
You hit the cyclops.
The cyclops is lightly wounded.
The cyclops hits you!!
Casting: Confuse
Confirm with . or Enter, or press ? or * to list all spells.
Aiming: Confuse
Press: ? - help, Shift-Dir - straight line, f - worker ant
Aim: a worker ant (chance to defeat MR: 82%)
The worker ant appears confused.
The worker ant bites the cyclops.
The cyclops is poisoned.
The worker ant poisons the cyclops!
You strike the helpless worker ant from behind!
You impale the worker ant!!
You kill the worker ant!
The cyclops throws a large rock.
The large rock hits you!!
Ouch! That really hurt!
You die...

# #.# ### #.# *,,, ..# #.# *
* #.#####.####### , ,*
..............., , ,, *
#.#####.####### , ..# #.# *
* ### #.# ##########.## , #
#.# #..@.C......# #######.#
#.####.####.# *,,, ........#
#.# *.# *,# .######## #.#
.####.### , , .# #.#
.##<....#* , )# ##.##
*.##.Kz..# *
.############...# ...zz...#
.)†.............# ###.K.K.#*
,*
#############...######..K.Z#
,


You could see a cyclops.

Vanquished Creatures
  2 two-headed ogres (D:8)
  A tengu warrior (D:12)
  Pikel (D:8)
  A manticore (D:11)
  Maurice (D:8)
  A troll (D:11)
  Grinder (D:3)
  3 hornets
  Sigmund (D:2)
  10 yaks
  Eustachio (D:5)
  A vampire (D:10)
  2 hungry ghosts (D:11)
  A warg (D:9)
  A soldier ant (D:9)
  Duvessa (D:6)
  9 orc warriors
  2 hornet zombies (D:8)
  3 sky beasts
  2 ice beasts
  A slave (D:8)
  A necrophage (D:10)
  4 ogres
  A phantom (D:8)
  3 centaurs
  2 big kobolds (D:8)
  A crocodile (D:11)
  10 bullfrogs
  Dowan (D:6)
  3 scorpions
  10 wights
  8 crimson imps
  3 bullfrog zombies
  2 centaur zombies (Ossuary)
  2 human zombies (Ossuary)
  5 hounds
  11 orc priests
  9 orc wizards
  5 bullfrog skeletons
  4 iguanas
  4 centaur skeletons
  11 worker ants
  2 big kobold zombies (Ossuary)
  3 mummies (Ossuary)
  A worker ant zombie (D:9)
  5 gnolls (D:4)
  A howler monkey skeleton (D:11)
  9 adders
  4 shadow imps
  An adder zombie (D:5)
  An ooze (D:5)
  2 adder skeletons
  3 worms
  5 dart slugs
  4 leopard geckos
  42 orcs
  7 bats
  7 giant cockroaches
  9 goblins
  8 hobgoblins
  13 jackals
  3 quokkas
  2 ball pythons
  4 frilled lizards
  A hobgoblin zombie (Ossuary)
  18 kobolds
  A leopard gecko skeleton (D:5)
  An orc zombie (Ossuary)
  A quokka skeleton (D:5)
  8 rats
312 creatures vanquished.

Vanquished Creatures (others)
  A slave (D:8)
1 creature vanquished.

Grand Total: 313 creatures vanquished

Notes
Turn   | Place    | Note
-------+----------+-------------------------------------------
     0 | D:1      | KristoblXynda the Spriggan Enchanter began the quest for the Orb.
     0 | D:1      | Reached XP level 1. HP: 9/9 MP: 5/5
   184 | D:1      | Reached XP level 2. HP: 13/13 MP: 7/7
   321 | D:1      | Learned a level 2 spell: Ensorcelled Hibernation
   454 | D:1      | Reached skill level 5 in Stealth
  1038 | D:2      | Reached XP level 3. HP: 10/16 MP: 2/8
  1091 | D:2      | Learned a level 3 spell: Confuse
  1092 | D:2      | Found a stormy altar of Qazlal.
  1224 | D:2      | Noticed Sigmund
  1299 | D:2      | Killed Sigmund
  1299 | D:2      | Reached skill level 6 in Stealth
  1299 | D:2      | Reached skill level 5 in Hexes
  1299 | D:2      | Reached XP level 4. HP: 21/21 MP: 6/11
  1299 | D:2      | Reached XP level 5. HP: 24/24 MP: 7/13
  1577 | D:2      | Found a shadowy altar of Dithmenos.
  1870 | D:3      | Noticed an orc warrior
  1870 | D:3      | Noticed kiturien's ghost (amateur MiFi)
  2172 | D:2      | Reached skill level 7 in Stealth
  2336 | D:3      | Reached XP level 6. HP: 22/28 MP: 8/14
  2366 | D:3      | Reached skill level 5 in Spellcasting
  2490 | D:3      | Noticed Grinder
  2520 | D:3      | Killed Grinder
  2869 | D:4      | Reached skill level 8 in Stealth
  2869 | D:4      | Reached XP level 7. HP: 10/32 MP: 6/16
  3262 | D:4      | Found a hazy altar of Hepliaklqana.
  4062 | D:4      | Found an iron altar of Okawaru.
  4184 | D:4      | Found Doniso's Antique Weapon Boutique.
  4229 | D:4      | Reached skill level 9 in Stealth
  4498 | D:4      | Found a burning altar of Makhleb.
  4537 | D:5      | Entered Level 5 of the Dungeon
  4675 | D:5      | Found a white marble altar of Elyvilon.
  4695 | D:5      | Noticed Eustachio
  4713 | D:5      | Killed Eustachio
  4713 | D:5      | Reached skill level 5 in Dodging
  4713 | D:5      | Reached XP level 8. HP: 36/36 MP: 12/18
  4817 | D:5      | Found a sparkling altar of Nemelex Xobeh.
  4860 | D:5      | Reached skill level 10 in Stealth
  4981 | D:5      | Noticed kiturien's ghost (novice MiFi)
  5473 | D:6      | Found a staircase to the Ecumenical Temple.
  5497 | D:6      | Found a sand-covered staircase.
  5502 | Ossuary  | Entered an ossuary
  5718 | Ossuary  | Reached skill level 11 in Stealth
  6187 | Temple   | Entered the Ecumenical Temple
  6204 | Temple   | Became a worshipper of Ashenzari the Shackled
  6459 | D:6      | Reached XP level 9. HP: 39/39 MP: 19/19
  6571 | D:6      | Noticed Duvessa
  6571 | D:6      | Noticed Dowan
  6610 | D:6      | Killed Dowan
  6650 | D:6      | Killed Duvessa
  6752 | D:6      | Reached skill level 5 in Short Blades
  7263 | D:7      | Reached skill level 12 in Stealth
  8004 | D:7      | Found a shadowy altar of Dithmenos.
  8358 | D:7      | Found a snail-covered altar of Cheibriados.
  8358 | D:7      | Found a blossoming altar of Fedhas.
  8396 | D:7      | Found a bloodstained altar of Trog.
  9034 | D:8      | Found a glowing golden altar of the Shining One.
  9037 | D:8      | Reached skill level 10 in Hexes
  9091 | D:8      | Noticed Pikel
  9127 | D:8      | Killed Pikel
  9127 | D:8      | Reached skill level 13 in Stealth
  9179 | D:8      | Found a hide-covered altar of Uskayaw.
  9231 | D:8      | Reached XP level 10. HP: 44/44 MP: 21/23
  9331 | D:8      | Found a deep blue altar of Sif Muna.
  9584 | D:8      | Noticed a two-headed ogre
  9618 | D:8      | Killed a two-headed ogre
  9877 | D:8      | Found a shimmering altar of Xom.
  9924 | D:8      | Noticed a two-headed ogre
  9931 | D:8      | Killed a two-headed ogre
  9999 | D:8      | Reached skill level 14 in Stealth
 10059 | D:8      | Found Umnoxutu's Jewellery Shoppe.
 10121 | D:8      | Reached * piety under Ashenzari
 10234 | D:8      | Noticed Maurice
 10266 | D:8      | Reached skill level 1 in Evocations
 10290 | D:8      | Killed Maurice
 11302 | D:9      | Reached skill level 10 in Spellcasting
 11517 | D:8      | Bought an uncursed ring of stealth for 210 gold pieces
 11613 | D:9      | Identified the ring "Taucaogo" {rN+ MR+ Slay+3 Stlth+}
 11630 | D:9      | Found a staircase to the Orcish Mines.
 11728 | D:9      | Reached XP level 11. HP: 26/48 MP: 26/26
 11730 | D:9      | Reached skill level 1 in Fighting
 12154 | D:9      | Reached skill level 5 in Evocations
 12174 | D:9      | Paralysed by a hornet for 1 turns
 12640 | D:10     | Entered Level 10 of the Dungeon
 13052 | D:10     | Reached ** piety under Ashenzari
 13794 | D:11     | Learned a level 3 spell: Dazzling Spray
 13816 | D:11     | Identified the +6 rapier "Ininath" {chaos, rC++ rN+ Str+4 Stlth+}
 14019 | D:11     | Reached skill level 1 in Conjurations
 14066 | D:11     | Found a staircase to the Lair.
 14229 | D:11     | Reached skill level 1 in Armour
 14517 | D:12     | Noticed a tengu warrior
 14839 | Lair:1   | Entered Level 1 of the Lair of Beasts
 15091 | D:12     | Noticed Thaneod's ghost (journeyman DEAE)
 15165 | D:12     | Reached *** piety under Ashenzari
 15244 | D:12     | Killed a tengu warrior
 15348 | D:12     | Hit by a large rock thrown by a cyclops

Vault maps used:
D:1:      lightli_arrival_quake, hangedman_decor_peaks_small,
          serial_park_tiny_pond, minmay_split_cup_large
D:2:      lemuel_crystal_altar, nicolae_qazlal_eye_of_the_storm,
          minmay_tetromino_l4, uniq_sigmund
D:3:      uniq_grinder
D:4:      okawaru_altar_gauntlet_db, kennysheep_mini_moat,
          kennysheep_little_box, serial_shops, shop
D:5:      nicolae_overflow_crystal_walls, elyvilon_altar_1, first_bread,
          uniq_eustachio
D:6:      minmay_cornered_nines, minmay_temple_entry_purple_smoke,
          enter_ossuary_2, serial_park, kennysheep_generic_room_10, uniq_duvessa
D:7:      lemuel_crystal_altar, gammafunk_temple_overflow_wave, basic_altar,
          minmay_misc_feat_five
D:8:      overflow_temple_1_default, old_standard_altar, lemuel_blue_sif_altar,
          serial_shops, nicolae_shop_trees, brannock_xom_greatest_gift,
          uniq_maurice, uniq_pikel
D:9:      david_orc_1_choice, hangedman_pestilent_swarm
D:10:     serial_park_tiny_2
D:11:     lair_entry_dummy
D:12:     serial_shops, shop, kb_tengu_band, uniq_nergalle
Temple:   compressed_dpeg_triangle_lava_temple
Ossuary:  ossuary_crypta

Skill      XL: |  1  2  3  4  5  6  7  8  9 10 11 |
---------------+----------------------------------+-----
Spellcasting   | 3 4 5 6 8 10 | 10.7
Hexes          | 4 5 6 7 8 10 11 | 11.9
Stealth        | 5 6 7 8 9 11 13 14 | 14.0
Dodging        | 5 |  5.1
Short Blades   | 4 5 |  5.9
Evocations     | 4 6 |  6.0
Fighting       | 3 |  3.1
Conjurations   | 2 |  2.5
Armour         | 2 |  2.3

Action                   |  1- 3 |  4- 6 |  7- 9 | 10-12 || total
-------------------------+-------+-------+-------+-------++-------
Melee: Dagger            |   107 |   155 |   481 |       ||   743
       Short sword       |       |       |   121 |   535 ||   656
 Cast: Ensorcelled Hiber |    15 |    38 |    51 |     3 ||   107
       Confuse           |     1 |     9 |    55 |    76 ||   141
Invok: Curse Item        |       |       |     2 |     2 ||     4
Evoke: Wand              |       |       |    11 |     8 ||    19
  Use: Scroll            |       |     3 |    18 |     6 ||    27
       Potion            |       |     2 |     1 |     1 ||     4
 Stab: Sleeping          |    18 |    19 |    45 |    26 ||   108
       Confused          |     2 |     4 |    42 |    53 ||   101
       Distracted        |       |     1 |     1 |       ||     2
       Paralysed         |       |       |       |     1 ||     1
  Eat: Bread ration      |       |     1 |     1 |       ||     2
       Fruit             |       |       |     3 |     3 ||     6
Armor: Robe              |     8 |    11 |    22 |    20 ||    61
Dodge: Dodged            |    76 |   126 |   344 |   237 ||   783
Block: Other             |       |       |    49 |    72 ||   121
       Reflection        |       |       |       |     1 ||     1

Table legend:
 A = Spawn XP
 B = Non-spawn XP
 C = Spawn XP percentage of total XP
 D = Spawn monster count
 E = Non-spawn monster count
 F = Spawn count percentage of total count
 G = Total turns spent on level
                    A         B        C        D         E        F      G
               +---------+---------+-------+---------+---------+-------+---------
         Total |       0 |   17819 |   0.0 |       0 |     311 |   0.0 | 15348
               +---------+---------+-------+---------+---------+-------+---------
           D:1 |       0 |      35 |   0.0 |       0 |      21 |   0.0 |  1047
           D:2 |       0 |     311 |   0.0 |       0 |      27 |   0.0 |   997
           D:3 |       0 |     324 |   0.0 |       0 |      20 |   0.0 |   791
           D:4 |       0 |     548 |   0.0 |       0 |      32 |   0.0 |  1702
           D:5 |       0 |     854 |   0.0 |       0 |      22 |   0.0 |   870
           D:6 |       0 |    1019 |   0.0 |       0 |      17 |   0.0 |  1369
           D:7 |       0 |     986 |   0.0 |       0 |      25 |   0.0 |  1533
           D:8 |       0 |    4633 |   0.0 |       0 |      48 |   0.0 |  1872
           D:9 |       0 |    2921 |   0.0 |       0 |      29 |   0.0 |  1734
          D:10 |       0 |     984 |   0.0 |       0 |      21 |   0.0 |  1138
          D:11 |       0 |    2632 |   0.0 |       0 |      21 |   0.0 |  1021
          D:12 |       0 |    2282 |   0.0 |       0 |      17 |   0.0 |   547
       Ossuary |       0 |     290 |   0.0 |       0 |      11 |   0.0 |   519
               +---------+---------+-------+---------+---------+-------+---------
